AoeStats
← TheHuisman

Arabia

510435543Analyzed
1v1 RM · 10h ago on Oct 1, 2026· 14m 34s· 2 players
Game mode
Random Map
Map size
Tiny (2 player)
Population
200
Speed
Normal
Resources
Standard
Victory
Conquest
Starting age
Dark Age
Ending age
Imperial Age
RankedLock teamsTeams togetherTeam positionsShared explorationLock speedFull tech treeHidden civsTurbo modeCheats
Victory
Defeat
🇦🇷 Japanese · Argentina
1100
+17
🇩🇪 Romans · Germany
1117
-17
TheHuisman
8:48 Feudal Age
9:19 Loom
9:05 Man-at-Arms
9:51 Arson
10:41 Loom
12:53 Scale Mail Armor
Bodybuilder94
6:43 Loom
8:58 Feudal Age
9:36 Double-Bit Axe
Connection lost

Rejoining the realm…

Still unreachable

The connection could not be restored.

Session expired

The server has moved on; the page needs a fresh start.